 Dungeon Crawl Stone Soup version 0.31-a0-507-gbafd7f5274 (webtiles) character file.

Game seed: 11512940664305716651

2056 Newt the Changeling (level 9, -4/71 (75) HPs)
             Began as a Green Draconian Shapeshifter on Aug 9, 2023.
             Slain by a wight
             ... wielding a +2 mace
              (10 damage)
             ... on level 6 of the Dungeon.
             The game lasted 00:04:51 (5289 turns).

Newt the Changeling (Green Draconian Shapeshifter)  Turns: 5289, Time: 00:04:52

HP:   -4/71 (75)    AC:  7    Str: 23    XL:     9   Next: 5%
MP:   6/9           EV: 13    Int:  8    God:
Gold: 170           SH:  5    Dex: 11    Spells: 8/8 levels left

rFire   . . .        p - +0 whip (freeze)
rCold   . . .        (no shield)
rNeg    . . .        (body armour unavailable)
rPois   +            (helmet currently unavailable)
rElec   .            (cloak currently unavailable)
rCorr   .            (gloves currently unavailable)
SInv    .            (boots currently unavailable)
Will    .....        s - amulet of reflection
Stlth   +            (no ring)
HPRegen 0.31/turn    (no ring)
MPRegen 0.11/turn

%: reflection
@: short of breath, beast-form, drained
A: beast (slay +4), breathe noxious fumes, AC +7, unfitting armour, poison
resistance, cold-blooded, horns 1, wild magic 1, MP-powered wands
a: Breathe Noxious Fumes, Begin Untransformation


You were on level 6 of the Dungeon.
You were a hulking beast.
You visited 1 branch of the dungeon, and saw 6 of its levels.

You collected 170 gold pieces.

Inventory:

Hand Weapons
 a - a +4 quarterstaff of chaos
 f - a +0 mace
 p - a +0 whip of freezing (weapon)
Armour
 m - a +2 cloak
Jewellery
 j - an amulet of magic regeneration
 l - an amulet of faith
 s - an amulet of reflection (around neck)
Talismans
 b - a beast talisman (active)
 c - a flux talisman
Wands
 u - a wand of iceblast (7)
Scrolls
 h - a scroll of enchant weapon
 i - a scroll of immolation
 o - a scroll of enchant armour
 r - 2 scrolls of teleportation
 t - a scroll of blinking
Potions
 e - 2 potions of curing
 g - a potion of haste {unknown}
 k - 2 potions of attraction {unknown}
 n - a potion of enlightenment
 q - a potion of magic {unknown}


   Skills:
 - Level 6.0 Fighting
 - Level 6.0 Maces & Flails
 - Level 4.0 Dodging
 - Level 3.0 Unarmed Combat
 + Level 7.0 Shapeshifting


You had 8 spell levels left.
You didn't know any spells.
Your spell library contained the following spells:

 Spells                   Type           Power      Damage    Failure   Level
 Foxfire                  Conj/Fire      0%         2x1d4     50%         1
 Summon Small Mammal      Summ           0%         N/A       50%         1
 Call Canine Familiar     Summ           0%         N/A       85%         3
 Portal Projectile        Hex/Tloc       0%         N/A       85%         3
 Summon Guardian Golem    Hex/Summ       0%         N/A       85%         3
 Tukima's Dance           Hex            0%         N/A       85%         3
 Iskenderun's Mystic Bla  Conj/Tloc      0%         2d3       99%         4
 Plasma Beam              Fire/Air       0%         2x1d10    100%        6
 Starburst                Conj/Fire      0%         6d3       100%        6


Dungeon Overview and Level Annotations

Branches:
Dungeon (6/15)
 Temple: D:4-7

Altars:
Elyvilon
Hepliaklqana
Kikubaaqudgha
Makhleb
Sif Muna
Vehumet
Wu Jian
Zin


Innate Abilities, Weirdness & Mutations

You are a hulking beast.
Your limbs bulge with bestial killing power. (Slay +4)
You can breathe blasts of noxious fumes.
Your lurid green scales are hard. (AC +7)
You cannot fit into any form of body armour.
Your system is resistant to poisons. (rPois)
You are cold-blooded and may be slowed by cold attacks.
You have a pair of small horns on your head.
Your spells are a little harder to cast, but a little more powerful.
You expend magic power (3 MP) to strengthen your wands.


Message History

The wight is lightly damaged.
The wight barely misses you.
Unknown command.
Unknown command.
Unknown command.
You feel much better. The wight closely misses you.
The wight closely misses you.
You hit the wight but do no damage. You headbutt the wight.
You tail-slap the wight.
The wight is almost destroyed.
The wight misses you.
You hit the wight.
You destroy the wight!
A wight comes into view. It is wielding a +5 mace.
Your Shapeshifting skill increases to level 7!
You hit the wight.
Your tail-slap misses the wight.
The wight is moderately damaged.
You hit the wight but do no damage.
Your tail-slap misses the wight.
The wight is moderately damaged.
The wight barely misses you. x2
You hit the wight.
The wight is severely damaged.
The wight hits you with a +2 mace.
* * * LOW HITPOINT WARNING * * *
The wight hits you but does no damage.
You barely miss the wight.
The wight is severely damaged.
The wight hits you with a +2 mace!
* * * LOW HITPOINT WARNING * * *
You feel drained.
* * * LOW HITPOINT WARNING * * *
The wight hits you but does no damage.
You barely miss the wight. You tail-slap the wight.
The wight is almost destroyed.
The wight hits you with a +2 mace.
* * * LOW HITPOINT WARNING * * *
The wight hits you but does no damage.
Unknown command.
The wight attacks as you move away! The wight hits you with a +2 mace!
You die...

.....#####
#######..#
#.....##.#
#.⌠.⌠.##.########
')._..'..#......#
#.⌠.⌠.##.'......#
#.)...####......#
#######
###'############
# #....hzzzzzz.##
# ############..#
# #..z......
#.##z..... ..#
...... ...# .....
.#... .....
#.#### .... #
....


You could see 6 wights.

Vanquished Creatures
  Pikel (D:4)
  Eustachio (D:4)
  An acid dragon (D:5)
  A water moccasin (D:5)
  An ice beast (D:6)
  An ogre (D:6)
  A centaur (D:6)
  A phantom (D:5)
  2 scorpions
  4 wights (D:6)
  A howler monkey (D:5)
  A hound (D:4)
  2 jellies
  2 iguanas
  Crazy Yiuf (D:3)
  A sleepcap (D:5)
  6 orc wizards (D:5)
  10 adders
  3 white imps
  2 ufetubi
  A dart slug (D:1)
  6 orcs
  4 bats
  5 endoplasms
  3 giant cockroaches
  4 goblins
  8 hobgoblins
  3 jackals (D:3)
  6 kobolds
  3 quokkas
  7 ball pythons
  5 frilled lizards
  3 rats
101 creatures vanquished.

Vanquished Creatures (collateral kills)
  An orc wizard (D:5)
1 creature vanquished.

Grand Total: 102 creatures vanquished

Notes
Turn   | Place    | Note
-------+----------+-------------------------------------------
     0 | D:1      | Newt the Draconian Shapeshifter began the quest for the
                  | Orb.
     0 | D:1      | Reached XP level 1. HP: 16/16 MP: 1/1
   187 | D:1      | Reached XP level 2. HP: 25/25 MP: 2/2
   384 | D:1      | Found a faded altar of an unknown god.
   730 | D:2      | Reached XP level 3. HP: 15/31 MP: 3/3
  1110 | D:2      | Reached XP level 4. HP: 35/38 MP: 4/4
  1220 | D:3      | Reached skill level 4 in Shapeshifting
  1712 | D:3      | Found a runed translucent door.
  1713 | D:3      | Noticed Crazy Yiuf
  1717 | D:3      | Gained mutation: You have sharp toenails. [potion of
                  | mutation]
  1717 | D:3      | Gained mutation: You are frail. (-10% HP) [potion of
                  | mutation]
  1718 | D:3      | Lost mutation: You have sharp toenails. [potion of
                  | mutation]
  1718 | D:3      | Lost mutation: You are frail. (-10% HP) [potion of
                  | mutation]
  1718 | D:3      | Gained mutation: You have a pair of small horns on your
                  | head. [potion of mutation]
  1718 | D:3      | Gained mutation: Your spells are a little harder to cast,
                  | but a little more powerful. [potion of mutation]
  1718 | D:3      | Gained mutation: You expend magic power (3 MP) to
                  | strengthen your wands. [potion of mutation]
  1732 | D:3      | Killed Crazy Yiuf
  1733 | D:3      | Reached XP level 5. HP: 18/45 MP: 5/5
  2062 | D:4      | Reached skill level 5 in Shapeshifting
  2226 | D:4      | Found a hazy altar of Hepliaklqana.
  2235 | D:4      | Noticed Eustachio
  2600 | D:4      | Killed Eustachio
  2601 | D:4      | Reached XP level 6. HP: 26/51 MP: 6/6
  2804 | D:4      | Reached skill level 6 in Shapeshifting
  2879 | D:4      | Found a white marble altar of Elyvilon.
  2910 | D:4      | Reached skill level 1 in Maces & Flails
  2935 | D:4      | Noticed Pikel
  2956 | D:4      | Killed Pikel
  2957 | D:4      | Your scales start taking on a lurid green colour.
  2957 | D:4      | Reached XP level 7. HP: 22/59 MP: 7/7
  2957 | D:4      | Gained mutation: Your system is resistant to poisons.
                  | (rPois) [Green Draconian growth]
  3203 | D:4      | Found a burning altar of Makhleb.
  3421 | D:5      | Entered Level 5 of the Dungeon
  3468 | D:5      | Found a shimmering blue altar of Sif Muna.
  3478 | D:5      | Reached skill level 5 in Fighting
  3478 | D:5      | Reached XP level 8. HP: 47/68 MP: 8/8
  3489 | D:5      | Got Sif Muna's Directory of Allies
  3572 | D:5      | Found an ancient bone altar of Kikubaaqudgha.
  3607 | D:5      | Found a radiant altar of Vehumet.
  3928 | D:5      | Found an ornate altar of the Wu Jian Council.
  4065 | D:5      | Reached skill level 5 in Maces & Flails
  5050 | D:6      | Found a glowing silver altar of Zin.
  5064 | D:6      | Reached XP level 9. HP: 51/75 MP: 9/9
  5284 | D:6      | Reached skill level 7 in Shapeshifting
  5289 | D:6      | Slain by a wight

Illustrated notes

Levels and vault maps discovered:
D:1:      dpeg_arrival_pond, layout_loops_cross,
          chequers_ecumenical_altar_lobes, fountainhead
D:2:      layout_rooms, kennysheep_nub
D:3:      layout_rooms, roderic_three_in_a_row, uniq_crazy_yiuf_cottage
D:4:      layout_cave_pools, nicolae_overflow_hidden_temple, elyvilon_altar_4,
          kennysheep_diamond, minmay_misc_feat_doors, uniq_pikel, uniq_eustachio
D:5:      layout_basic, palyth_temple_overflow_mages, nzn_wu_jian_contemplation,
          hangedman_decor_slide_cut, kennysheep_generic_room_10
D:6:      layout_basic, kennysheep_little_box, minmay_temple_entry_offerings

Skill      XL: |  1  2  3  4  5  6  7  8  9 |
---------------+----------------------------+-----
Fighting       | 2 3 4 5 6 |  6.0
Shapeshifting  | 4 5 6 7 |  7.0
Maces & Flails | 3 6 |  6.0
Dodging        | 4 |  4.0
Unarmed Combat | |  3.0

Action                     |  1- 3 |  4- 6 |  7- 9 || total
---------------------------+-------+-------+-------++-------
  Melee: Unarmed           |    35 |       |       ||    35
         Tailslap          |     7 |    14 |    18 ||    39
         Mace              |    36 |   137 |       ||   173
         Headbutt          |       |    14 |    34 ||    48
         Whip              |       |       |   139 ||   139
         Punch             |       |       |     2 ||     2
Ability: Breathe Noxious F |       |       |     2 ||     2
  Evoke: Wand              |       |       |     1 ||     1
    Use: Scroll            |     4 |     5 |       ||     9
         Potion            |       |     5 |     1 ||     6
   Stab: Sleeping          |     1 |       |       ||     1
         Confused          |       |       |     2 ||     2
 Armour: Skin              |    20 |    86 |    34 ||   140
  Dodge: Dodged            |    52 |   151 |    73 ||   276
  Block: Other             |       |       |     8 ||     8

Table legend: (Time is in decaauts)
 A = Elapsed time spent in this place.
 B = Non-inter-level travel time spent in this place.
 C = Inter-level travel time spent in this place.
 D = Time resting spent in this place.
 E = Time spent auto-exploring this place.
 F = Levels seen in this place.
 G = Mean time per level.
                   A        B        C        D        E       F      G
               +--------+--------+--------+--------+--------+-----+--------+
         Total |   5343 |   5195 |    148 |   1306 |   3081 |   6 |  890.5 |
       Dungeon |   5343 |   5195 |    148 |   1306 |   3081 |   6 |  890.5 |
               +--------+--------+--------+--------+--------+-----+--------+

Top non-repeatable levels by time:
     D:5: 1293 daAuts
     D:4: 1164 daAuts
     D:3: 1153 daAuts
     D:1: 696 daAuts
     D:6: 557 daAuts
     D:2: 477 daAuts
